 Dungeon Crawl Stone Soup version 0.23-a0-516-g0f8c245 (webtiles) character file.

3747 theanonym the Slicer (level 9, -8/71 HPs)
             Began as a Mummy Enchanter on Dec 5, 2018.
             Was a Believer of Cheibriados.
             Mangled by an orc warrior
             ... wielding a +0 halberd
              (12 damage)
             ... on level 8 of the Dungeon.
             The game lasted 00:12:29 (10366 turns).

theanonym the Slicer (Mummy Enchanter)             Turns: 10366, Time: 00:12:30

Health: -8/71      AC: 16    Str: 19    XL:     9   Next: 93%
Magic:  13/13      EV:  7    Int: 18    God:    Cheibriados [**....]
Gold:   363        SH:  0    Dex: 20    Spells: 12/13 levels left

rFire    x . .     SeeInvis .   a - +3 dagger (venom)
rCold    + + .     Gourm    .   (no shield)
rNeg     + + +     Faith    .   e - +0 plate armour
rPois    ∞         Spirit   .   o - +0 helmet
rElec    .         Reflect  .   g - +0 cloak
rCorr    .         Harm     .   c - +1 pair of gloves
MR       +....                  (no boots)
Stlth    ..........             (no amulet)
HPRegen  0.21/turn              j - +4 ring of dexterity
MPRegen  0.13/turn              d - ring of protection from cold

@: about to teleport, very slow
A: no food or potions, fire vulnerability, cold resistance 1, negative energy
resistance 3, torment resistance, unbreathing
a: Bend Time, Renounce Religion


Innate Abilities, Weirdness & Mutations

You do not eat or drink.
Your flesh is vulnerable to fire.
You are immune to poison.
Your flesh is cold resistant. (rC+)
You are immune to negative energy. (rN+++)
You are immune to unholy pain and torment.
You can survive without breathing.


   Skills:
 + Level 6.8 Fighting
 * Level 8.3 Short Blades
 - Level 5.0 Armour
 + Level 2.9 Dodging
 - Level 2.4 Stealth
 - Level 2.6 Spellcasting
 - Level 2.6 Hexes
 + Level 2.4 Invocations


You had 12 spell levels left.
You knew the following spells:

 Your Spells              Type           Power        Failure   Level  Hunger
a - Corona                Hex            ##.....      86%         1    N/A

Your spell library contained the following spells:

 Spells                   Type           Power        Failure   Level  Hunger
 Slow                     Hex            ##......     94%         2    N/A
 Magic Dart               Conj           #...         99%         1    N/A
 Ensorcelled Hibernation  Hex/Ice        #.....       99%         2    N/A
 Confuse                  Hex            ##......     99%         3    N/A
 Tukima's Dance           Hex            ##......     99%         3    N/A
 Blink                    Tloc           N/A          100%        2    N/A
 Call Imp                 Summ           #.......     100%        2    N/A
 Conjure Flame            Conj/Fire      #.......     100%        3    N/A
 Dazzling Spray           Conj/Hex       #.....       100%        3    N/A
 Mephitic Cloud           Conj/Pois/Air  #.......     100%        3    N/A

Skill      XL: |  1  2  3  4  5  6  7  8  9 |
---------------+----------------------------+-----
Short Blades   | 1 2 3 4 5 7 8 |  8.3
Fighting       | 1 2 3 4 5 6 |  6.8
Armour         | 1 2 3 4 5 |  5.0
Invocations    | 2 |  2.4
Dodging        | 2 |  2.9
Stealth        | |  2.4
Spellcasting   | |  2.6
Hexes          | |  2.6

Action                   |  1- 3 |  4- 6 |  7- 9 || total
-------------------------+-------+-------+-------++-------
Melee: Dagger            |   246 |   302 |   639 ||  1187
       Rapier            |       |       |     8 ||     8
Evoke: Wand              |       |       |     6 ||     6
  Use: Scroll            |       |     4 |    10 ||    14
Armor: Robe              |    12 |       |       ||    12
       Chain mail        |    22 |       |       ||    22
       Plate armour      |    92 |   189 |   378 ||   659
Dodge: Dodged            |    63 |    43 |   117 ||   223

Inventory:

Hand Weapons
 a - a +3 dagger of venom (weapon)
   (You took it off an orc wizard on level 3 of the Dungeon)
 b - a +0 rapier
   (You found it on level 4 of the Dungeon)
Armour
 c - a +1 pair of gloves (worn)
   (You found it on level 1 of the Dungeon)
 e - a +0 plate armour (worn)
   (You found it on level 2 of the Dungeon)
 g - a +0 cloak (worn)
   (You bought it in a shop on level 7 of the Dungeon)
 o - a +0 helmet (worn)
   (You found it on level 3 of the Dungeon)
Jewellery
 d - a ring of protection from cold (right hand)
   (You found it on level 5 of the Dungeon)
 j - a +4 ring of dexterity (left hand)
   (You found it on level 2 of the Dungeon)
Wands
 k - a wand of flame (10)
   (You took it off Ijyb on level 4 of the Dungeon)
Scrolls
 f - a scroll of fog
 h - a scroll of immolation
 n - 6 scrolls of remove curse
 r - a scroll of identify
 t - 4 scrolls of teleportation {!r}


You were on level 8 of the Dungeon.
You worshipped Cheibriados.
Cheibriados was pleased with you.
You were not hungry.

You visited 2 branches of the dungeon, and saw 9 of its levels.

You collected 412 gold pieces.
You spent 49 gold pieces at shops.

Dungeon Overview and Level Annotations

Branches:
Dungeon (8/15)             Temple (1/1) D:5
   Lair: D:8-11

Altars:
Cheibriados
Dithmenos
Fedhas
Gozag
Hepliaklqana
Kikubaaqudgha
Makhleb
Nemelex Xobeh
Okawaru
Qazlal
Ru
Sif Muna
Vehumet
Wu Jian
Xom
Yredelemnul
Zin
The Shining One

Shops:
D:7

[(= #..........
##..........
#...).......
#...........
#.........##
##o......###
#o###..### ##.#
#### #@.#
##..###
##.....#
##......##
##........#
##..%......#
#..........##
##...........#
##............#


You could see an orc warrior and an orc.

Notes
Turn   | Place    | Note
-------+----------+-------------------------------------------
     0 | D:1      | theanonym the Mummy Enchanter began the quest for the Orb.
     0 | D:1      | Reached XP level 1. HP: 13/13 MP: 4/4
    36 | D:1      | HP: 2/13 [leopard gecko (5)]
    39 | D:1      | Reached skill level 1 in Short Blades
   359 | D:1      | Reached XP level 2. HP: 15/20 MP: 5/5
   478 | D:1      | Reached skill level 1 in Fighting
  1136 | D:2      | Reached skill level 2 in Short Blades
  1136 | D:2      | Reached XP level 3. HP: 26/26 MP: 7/7
  1156 | D:2      | HP: 12/26 [worm (3)]
  1676 | D:2      | HP: 13/26 [worm (5)]
  1680 | D:2      | HP: 1/26 [worm (6)]
  2205 | D:2      | Reached XP level 4. HP: 31/33 MP: 8/8
  2544 | D:2      | Reached skill level 2 in Fighting
  2547 | D:2      | HP: 15/33 [worm (6)]
  2750 | D:2      | HP: 13/33 [worm (7)]
  3103 | D:3      | Reached skill level 1 in Armour
  3206 | D:3      | Reached skill level 3 in Short Blades
  3329 | D:2      | Reached XP level 5. HP: 27/38 MP: 9/9
  4251 | D:4      | Noticed an ogre
  4257 | D:4      | HP: 9/39 [ogre/+0 giant spiked club (17)]
  4492 | D:4      | Reached XP level 6. HP: 39/46 MP: 10/10
  4566 | D:4      | HP: 18/46 [ogre/+0 giant club (12)]
  4567 | D:4      | Reached skill level 3 in Fighting
  4567 | D:4      | Reached skill level 4 in Short Blades
  4567 | D:4      | Reached skill level 2 in Armour
  4768 | D:4      | Noticed Ijyb
  4835 | D:3      | Reached XP level 7. HP: 39/52 MP: 11/11
  4917 | D:4      | Killed Ijyb
  5091 | D:4      | HP: 16/52 [ogre/+0 giant spiked club (19)]
  5106 | D:3      | HP: 16/52 [jackal (2)]
  5595 | D:4      | Noticed Dowan
  5629 | D:4      | Killed Dowan
  5629 | D:4      | Reached skill level 5 in Short Blades
  5680 | D:4      | Noticed Duvessa
  5684 | D:4      | Noticed Eustachio
  5693 | D:4      | HP: 19/53 [Duvessa/+0 short sword (10)]
  5700 | D:4      | HP: 17/53 [Duvessa/+0 short sword (3)]
  5703 | D:4      | Killed Duvessa
  5703 | D:4      | Reached skill level 4 in Fighting
  5703 | D:4      | Reached skill level 3 in Armour
  5707 | D:4      | HP: 13/54 [river rat[Eustachio] (6)]
  6120 | D:4      | Killed Eustachio
  6268 | D:4      | Reached XP level 8. HP: 58/61 MP: 12/12
  6301 | D:4      | HP: 30/61 [gnoll/+0 halberd (8)]
  6545 | D:4      | Noticed Edmund
  6573 | D:4      | Killed Edmund
  6689 | D:4      | Noticed Sigmund
  6702 | D:4      | Killed Sigmund
  6702 | D:4      | Reached skill level 5 in Fighting
  6702 | D:4      | Reached skill level 6 in Short Blades
  6861 | D:5      | Entered Level 5 of the Dungeon
  6914 | D:5      | Reached skill level 4 in Armour
  7201 | D:5      | Found a sacrificial altar of Ru.
  7348 | D:5      | Noticed Menkaure
  7380 | D:5      | Killed Menkaure
  7482 | D:5      | Found a staircase to the Ecumenical Temple.
  7490 | Temple   | Entered the Ecumenical Temple
  7650 | Temple   | Became a worshipper of Cheibriados the Contemplative
  7714 | D:5      | Found a radiant altar of Vehumet.
  7883 | D:5      | Reached skill level 7 in Short Blades
  7889 | D:5      | HP: 28/64 [orc priest/divine providence (16)]
  8166 | D:6      | Reached XP level 9. HP: 63/69 MP: 13/13
  8514 | D:6      | Reached skill level 6 in Fighting
  8616 | D:6      | Reached * piety under Cheibriados
  9118 | D:7      | Found a deep blue altar of Sif Muna.
  9142 | D:7      | Found Butrauh's Armour Emporium.
  9151 | D:7      | Bought a +0 cloak for 49 gold pieces
  9165 | D:7      | Reached skill level 5 in Armour
  9172 | D:7      | Reached skill level 1 in Invocations
  9185 | D:7      | Reached skill level 2 in Dodging
  9533 | D:7      | Reached skill level 8 in Short Blades
  9714 | D:7      | Found an ancient bone altar of Kikubaaqudgha.
  9714 | D:7      | Found an opulent altar of Gozag.
  9776 | D:7      | Reached ** piety under Cheibriados
  9855 | D:7      | Found Haoshe's Weapon Boutique.
  9922 | D:7      | Found Emishid's Jewellery Boutique.
  9992 | D:7      | Reached skill level 2 in Invocations
 10356 | D:8      | HP: 29/71 [orc warrior/+0 halberd (9)]
 10362 | D:8      | HP: 13/71 [orc warrior/+0 halberd (10)]
 10364 | D:8      | HP: 4/71 [orc warrior/+0 halberd (10)]
 10366 | D:8      | Mangled by an orc warrior

Vanquished Creatures
  A hippogriff (D:7)
  Sigmund (D:4)
  A spriggan (D:7)
  Eustachio (D:4)
  Edmund (D:4)
  Menkaure (D:5)
  Duvessa (D:4)
  3 sky beasts
  An orc warrior (D:7)
  An ice beast (D:5)
  A phantom (D:3)
  A necrophage (D:6)
  5 ogres
  3 centaurs
  3 bullfrogs (D:7)
  Dowan (D:4)
  3 killer bees
  2 crimson imps
  A bullfrog zombie (D:5)
  2 hounds
  2 jellies
  A centaur zombie (D:6)
  A gnoll shaman (D:4)
  5 orc priests
  4 orc wizards
  Ijyb (D:4)
  2 iguanas (D:6)
  6 worker ants
  11 gnolls
  6 adders
  3 shadow imps
  An ooze (D:1)
  2 adder skeletons
  4 worms
  A dart slug (D:1)
  2 leopard geckos
  25 orcs
  6 giant cockroaches
  8 goblins
  5 hobgoblins
  9 jackals
  2 quokkas
  A ball python skeleton (D:4)
  16 bats
  5 frilled lizards
  10 kobolds
  A leopard gecko skeleton (D:7)
  A quokka skeleton (D:6)
  A quokka zombie (D:7)
  7 rats
183 creatures vanquished.

Table legend:
 A = Turns spent in this place as a percentage of turns spent in the entire game.
 B = Non-inter-level travel turns spent in this place as a percentage of non-inter-level travel turns spent in the entire game.
 C = Inter-level travel turns spent in this place as a percentage of turns spent in this place.
 D = Turns resting spent in this place as a percentage of non-inter-level travel turns spent in this place.
 E = Turns spent auto-exploring this place as a percentage of non-inter-level travel turns spent in this place.
 F = Non-inter-level travel turns spent in this place divided by the number of levels of this place that you've seen.
                   A       B       C       D       E      F
               +-------+-------+-------+-------+-------+----------------------
         Total | 100.0 | 100.0 |   4.4 |  44.6 |  35.5 | 1100.6
       Dungeon |  97.9 |  98.0 |   4.3 |  45.5 |  34.2 | 1213.5
        Temple |   2.1 |   2.0 |   9.2 |   0.0 |  99.0 | 197.0
               +-------+-------+-------+-------+-------+----------------------
